 Dungeon Crawl Stone Soup version 0.31-a0-1002-g8e65716e6e (webtiles) character file.

Game seed: 1188032467961114391

33 Jannitor the Sneak (level 3, -1/34 HPs)
             Began as a Naga Delver on Nov 9, 2023.
             Slain by a gnoll
             ... wielding a +0 spear
             ... led by a gnoll bouda
              (8 damage)
             ... on level 5 of the Dungeon.
             The game lasted 00:01:28 (225 turns).

Jannitor the Sneak (Naga Delver)                     Turns: 225, Time: 00:01:29

Health: -1/34      AC:  4    Str: 16    XL:     3   Next: 29%
Magic:  3/3        EV:  9    Int:  7    God:
Gold:   0          SH:  0    Dex: 12    Spells: 2/2 levels left

rFire   . . .        a - +0 mace
rCold   . . .        (no shield)
rNeg    + . .        b - +0 leather armour
rPois   +            (no helmet)
rElec   .            (no cloak)
rCorr   +            h - +1 pair of gloves "Uqack" {rN+ Will+ rCorr Int-3}
SInv    +            (no barding)
Will    +....        (no amulet)
Stlth   +++          (no ring)
HPRegen 0.25/turn    (no ring)
MPRegen 0.08/turn

%: no passive effects
@: hasted, quick
A: AC +1, large, see invisible, deformed body, poison resistance, slowness 2,
spit poison 1, naga tail 1
a: Spit Poison


You were on level 5 of the Dungeon.
You visited 1 branch of the dungeon, and saw 1 of its levels.

Inventory:

Hand Weapons
 a - a +0 mace (weapon)
Missiles
 i - 4 poisoned darts (quivered)
 j - 4 boomerangs
Armour
 b - a +0 leather armour (worn)
 h - the +1 pair of gloves "Uqack" (worn) {rN+ Will+ rCorr Int-3}
   (You found it on level 5 of the Dungeon)

   Int-3:     It affects your intelligence (-3).
   rN+:       It protects you from negative energy.
   Will+:     It increases your willpower.
   rCorr:     It protects you from acid and corrosion.
Wands
 g - a wand of digging (1)
Scrolls
 c - a scroll of fog


   Skills:
 + Level 3.2 Fighting
 + Level 2.3 Maces & Flails
 + Level 0.9 Throwing
 + Level 1.9 Dodging
 + Level 7.6 Stealth


You had 2 spell levels left.
You didn't know any spells.
Your spell library was empty.

Dungeon Overview and Level Annotations

Branches:
Dungeon (5/15)
 Temple: D:4-7

Altars:


Innate Abilities, Weirdness & Mutations

Your serpentine skin is tough. (AC +1)
You have supernaturally acute eyesight. (SInv)
Armour fits poorly on your strangely shaped body.
Your system is resistant to poisons. (rPois)
You cover ground very slowly.
You can spit poison.
You have a snake-like lower body.


Message History

You assume a fearsome visage.
The gnoll bouda looks frightened!
The gnoll looks frightened! x4; The iguana looks frightened!
The hound looks frightened!
A gnoll comes into view. It is wielding a +0 whip.
Aiming: Dig
Press: ? - help, Shift-Dir - straight line, p - iguana A rock wall.
The rock shatters into small pieces.
An iguana comes into view.
A gnoll comes into view. It is wielding a +0 club.
The gnoll gives up.
As you read the scroll of revelation, it crumbles to dust.
You feel aware of your surroundings.
You sensed 1 altar.
A sleepcap, an iguana and a shadow imp come into view.
A gnoll comes into view. It is wielding a +0 halberd.
A gnoll comes into view. It is wielding a +0 flail.
The jelly attacks as it pursues you! The jelly misses you.
The jelly attacks as it pursues you! The jelly hits you but does no damage.
The shadow imp grins evilly.
Aiming: Dig
Press: ? - help, Shift-Dir - straight line A rock wall.
The rock shatters into small pieces.
The shadow imp grinds its teeth.
The sentinel's mark upon you fades away.
The jelly attacks as it pursues you! The jelly hits you.
You are splashed with acid.
You resist. The jelly attacks as it pursues you!
The jelly hits you but does no damage.
Found a stone staircase leading up.
Found an escape hatch in the ceiling.
The gnoll barely misses you.
The white imp lashes its tail.
The gnoll hits you with a +0 club!
The gnoll bouda shouts!
The gnoll attacks as it pursues you! The gnoll closely misses you.
The gnoll hits you from afar with a +0 spear.
The gnoll hits you with a +0 club.
* * * LOW HITPOINT WARNING * * *
The gnoll hits you from afar with a +0 spear!
You die...

###.,,,,,,,***,,,,,**,,,,,,,,**,*
..l..,,,..,##.......*#*,,*,****,*
.##...,,...#....<....#*,,,,,,,,,*
.##...,,...#.♣.....♣.#*,,,,,,,,,,
##....,,.............#*,,,,,,,,,,
##gg.,,,,......♣.♣...#*,,,,*****,
....g,,,,,,#....g....#*,,,,,,,,,,
######*****#.♣J.g..♣.#*,,********
l....#######.5gg@....#*,,,,,,,,,,
#####....5g.........##*,,,,*****,
......########.....## *,,,,,,,,,,
##.....,,** ####### *,,,,,,,,,*
.###....,,* *********,****,**
.........,* *,,,,,,,<,* *,**
.....#....* *,,*,,,**,* *,,*
#####*##### *,,*,,,**,*****,*
*,,,8* ***,,*,,,**,,*,,,,,


You could see a gnoll bouda, a jelly, 4 gnolls, a white imp and a shadow imp.

Vanquished Creatures
  An iguana (D:5)
  An adder (D:5)
2 creatures vanquished.

Notes
Turn   | Place    | Note
-------+----------+-------------------------------------------
     0 | D:5      | Jannitor the Naga Delver began the quest for the Orb.
     0 | D:5      | Reached XP level 1. HP: 21/21 MP: 1/1
     7 | D:5      | Identified the +1 pair of gloves "Uqack" {rN+ Will+ rCorr
                  | Int-3}
    92 | D:5      | Reached XP level 2. HP: 20/28 MP: 2/2
   201 | D:5      | Reached XP level 3. HP: 21/34 MP: 3/3
   225 | D:5      | Slain by a gnoll

Illustrated notes

Levels and vault maps discovered:
D:5:      layout_rooms, mainiacjoe_overflow_alcove_2, serial_co_window_serial,
          co_window_paths_b, co_window_paths_a, co_window_paths_a,
          co_window_corner_a, co_window_corner_a, co_window_corner_cb,
          co_window_paths_c, co_window_2corner, co_window_2corner,
          co_window_4corner_b, glass_columns_b, glass_columns_b,
          glass_columns_a, glass_columns_b, grunt_ministairs_10,
          minmay_misc_feat_columns

Action                     || total
---------------------------++-------
  Melee: Mace              ||     6
  Throw: Dart              ||     5
Ability: Spit Poison       ||     2
  Evoke: Wand              ||     2
    Use: Potion            ||     1
         Scroll            ||     2
 Armour: Leather armour    ||    13
  Dodge: Dodged            ||     9

Table legend: (Time is in decaauts)
 A = Elapsed time spent in this place.
 B = Non-inter-level travel time spent in this place.
 C = Inter-level travel time spent in this place.
 D = Time resting spent in this place.
 E = Time spent auto-exploring this place.
 F = Levels seen in this place.
 G = Mean time per level.
                   A        B        C        D        E       F      G
               +--------+--------+--------+--------+--------+-----+--------+
         Total |    280 |    280 |      0 |     32 |    137 |   1 |  280.0 |
       Dungeon |    280 |    280 |      0 |     32 |    137 |   1 |  280.0 |
               +--------+--------+--------+--------+--------+-----+--------+

Top non-repeatable levels by time:
     D:5: 280 daAuts
